 Dungeon Crawl Stone Soup version 0.24-a0-784-g601f8f6d22 (webtiles) character file.

Game seed: 756729724798638636, levelgen mode: deterministic

78 Kohma the Chopper (level 4, -8/39 HPs)
             Began as a Minotaur Berserker on Oct 9, 2019.
             Was a Believer of Trog.
             Killed by divine providence
             ... invoked by an orc priest
              (11 damage)
             ... on level 2 of the Dungeon.
             The game lasted 00:02:28 (954 turns).

Kohma the Chopper (Minotaur Berserker)               Turns: 954, Time: 00:02:29

Health: -8/39      AC:  9    Str: 22    XL:     4   Next: 15%
Magic:  3/3        EV:  8    Int:  4    God:    Trog [**....]
Gold:   78         SH:  0    Dex: 10    Spells: 3/3 levels left

rFire    . . .     SeeInvis .   a - +0 hand axe
rCold    . . .     Gourm    .   (no shield)
rNeg     . . .     Faith    .   d - +0 chain mail (curse)
rPois    .         Spirit   .   (helmet restricted)
rElec    .         Reflect  .   (no cloak)
rCorr    .         Harm     .   (no gloves)
MR       .....                  (no boots)
Stlth    ..........             (no amulet)
HPRegen  0.13/turn              (no ring)
MPRegen  0.08/turn              (no ring)

@: no status effects
A: retaliatory headbutt, horns 2
a: Berserk, Trog's Hand, Renounce Religion


You were on level 2 of the Dungeon.
You worshipped Trog.
Trog was pleased with you.
You were not hungry.

You visited 1 branch of the dungeon, and saw 2 of its levels.

You collected 78 gold pieces.

Inventory:

Hand Weapons
 a - a +0 hand axe (weapon)
Missiles
 e - 93 stones
 f - 12 poisoned darts (quivered)
Armour
 d - a cursed +0 chain mail (worn)
 k - a +0 shield
Jewellery
 j - an uncursed ring of protection from cold {unknown}
Scrolls
 h - a scroll of remove curse {unknown}
 i - 2 scrolls of random uselessness {unknown}
Potions
 g - a potion of agility {unknown}
Comestibles
 b - 6 chunks of flesh
 c - 4 rations


   Skills:
 - Level 3.6 Fighting
 * Level 5.4 Axes
 + Level 3.6 Armour
 - Level 2.1 Dodging


You had 3 spell levels left.
You didn't know any spells.
Your spell library was empty.

Dungeon Overview and Level Annotations

Branches:
Dungeon (2/15)

Altars:


Innate Abilities, Weirdness & Mutations

You reflexively headbutt those who attack you in melee.
You have a pair of horns on your head.


Message History

The orc is severely wounded.
The orc closely misses you.
You hit the orc but do no damage.
The orc is severely wounded.
The orc hits you but does no damage.
The orc priest calls down the wrath of Beogh upon you.
Beogh smites you!
* * * LOW HITPOINT WARNING * * *
The orc hits you but does no damage.
You slash the orc!
You kill the orc!
Trog accepts your kill.
You hit the orc priest.
The orc priest is moderately wounded.
The orc priest hits you but does no damage.
You hit the orc priest but do no damage.
The orc priest is moderately wounded.
The orc priest calls down the wrath of Beogh upon you.
Beogh smites you!
You die...

... #. .... .. ...##. ..
#.... ♣.♣ ## ≈##.... ..♣♣
. ≈......## ..... ## ...
#.....# #..... .##...
.....##o##P.P... ....##
### #@#.PP♣ ......
♣♣♣♣♣♣...♣ ......
........♣♣ ...#
..##♣♣♣♣♣♣#.P♣
...###.......#.....♣♣
#..........#.#..)P.P♣♣ ♣.
....................P♣PP.
...........#........P....
.............#...........


You could see an orc priest.

Vanquished Creatures
  A gnoll (D:1)
  An adder (D:2)
  An ooze (D:2)
  A worm (D:2)
  2 dart slugs
  A leopard gecko (D:1)
  3 orcs (D:2)
  3 giant cockroaches
  4 goblins
  8 hobgoblins
  A ball python (D:1)
  A bat (D:1)
  4 frilled lizards
  8 kobolds (D:1)
  6 rats
45 creatures vanquished.

Notes
Turn   | Place    | Note
-------+----------+-------------------------------------------
     0 | D:1      | Kohma the Minotaur Berserker began the quest for the Orb.
     0 | D:1      | Reached XP level 1. HP: 19/19 MP: 0/0
   100 | D:1      | Reached skill level 4 in Axes
   100 | D:1      | Reached XP level 2. HP: 19/26 MP: 1/1
   405 | D:1      | Reached XP level 3. HP: 26/31 MP: 2/2
   498 | D:1      | Reached ** piety under Trog
   696 | D:2      | Reached skill level 5 in Axes
   852 | D:2      | Reached XP level 4. HP: 39/39 MP: 3/3
   954 | D:2      | Killed from afar by an orc priest

Levels and vault maps discovered:
D:1:      mrwooster_arrival_arrow, layout_basic
D:2:      layout_rooms, kennysheep_slug_shrine, serial_forest,
          infiniplex_forest_lined_2, infiniplex_forest_clump_C,
          infiniplex_forest_lined_room_, infiniplex_forest_straight_2,
          infiniplex_forest_end_1, infiniplex_forest_lined_ring,
          infiniplex_forest_3_way, st_stairs_8, minmay_goblin_kobold_house

Skill      XL: |  1  2  3 |
---------------+----------+-----
Axes           | 4 5 |  5.4
Armour         | 3 |  3.6
Fighting       | |  3.6
Dodging        | |  2.1

Action                   |  1- 3 |  4- 6 || total
-------------------------+-------+-------++-------
Melee: Hand axe          |    85 |    15 ||   100
       Headbutt          |    15 |     2 ||    17
Armor: Chain mail        |    34 |     7 ||    41
Dodge: Dodged            |    30 |     2 ||    32

Table legend:
 A = Non-vault XP
 B = Vault XP
 C = Vault XP percentage of total XP
 D = Non-vault monster count
 E = Vault monster count
 F = Vault count percentage of total count
                 A         B        C        D         E       F
            +---------+---------+-------+---------+---------+-------
      Total |     103 |       9 |   8.0 |      43 |       2 |   4.4
            +---------+---------+-------+---------+---------+-------
        D:1 |      55 |       0 |   0.0 |      26 |       0 |   0.0
        D:2 |      48 |       9 |  15.8 |      17 |       2 |  10.5
            +---------+---------+-------+---------+---------+-------
